 Dungeon Crawl Stone Soup version 0.13-a0-2236-g7be3fc8 (webtiles) character file.

144 Duskembrace the Insei (level 3, -1/26 HPs)
             Began as a Demonspawn Transmuter on July 4, 2013.
             Slain by Sigmund
             ... wielding a +0,+0 scythe
              (10 damage)
             ... on Level 2 of the Dungeon.
             The game lasted 00:06:11 (1455 turns).

Duskembrace the Insei (Demonspawn Transmuter)       Turns: 1455, Time: 00:06:12

HP  -1/26        AC  3     Str 10      XL: 3   Next: 51%
MP   0/4         EV 11     Int 14      God:
Gold 95          SH  0     Dex 14      Spells:  2 memorised,  2 levels left

Res.Fire  : . . .   See Invis. : .     - Unarmed
Res.Cold  : . . .   Warding    : .   p - +0 elf leather armour
Life Prot.: . . .   Conserve   : .   (no shield)
Res.Poison: .       Res.Corr.  : .   (no helmet)
Res.Elec. : .       Clarity    : .   (no cloak)
Sust.Abil.: . .     Spirit.Shd : +   (no gloves)
Res.Mut.  : .       Stasis     : .   (boots unavailable)
Res.Rott. : .       Flight     : .   (no amulet)
Saprovore : . . .                    (no ring)
                                     (no ring)

@: appendage (expiring), not resistant to hostile enchantments, unstealthy
A: talons 3, magic shield
a: End Transformation


You were on level 2 of the Dungeon.
You were not hungry.
You had grown temporary talons.
You visited 1 branch of the dungeon, and saw 2 of its levels.

You collected 75 gold pieces.

Inventory:

Missiles
 b - 26 arrows
 f - 7 arrows of frost
 j - 22 darts (quivered)
 k - 14 arrows of flame
Armour
 c - a +0 robe
 p - a +0 elven leather armour (worn)
Comestibles
 a - a bread ration
 g - a rotting chunk of jackal flesh
 h - an apple
 q - a pear
Scrolls
 i - a scroll of curse armour {unknown}
 m - 4 scrolls of identify {unknown}
 s - a scroll of enchant weapon I {unknown}
Jewellery
 o - an uncursed ring of teleportation
Potions
 e - a potion of cure mutation {unknown}
 n - a potion of heal wounds {unknown}
 r - 2 potions of might {unknown}
Books
 d - a book of Changes

   Spells                             Type                      Level
   *Beastly Appendage                 Transmutation                1
   Sticks to Snakes                   Transmutation                2
   *Spider Form                       Transmutation/Poison         3
   Ice Form                           Ice/Transmutation            4
   Blade Hands                        Transmutation                5


   Skills:
 + Level 1.3 Fighting
 + Level 0.3 Armour
 + Level 2.2 Dodging
 + Level 3.2 Unarmed Combat
 + Level 2.2 Spellcasting
 + Level 2.1 Transmutations


You had 2 spell levels left.
You knew the following spells:

 Your Spells              Type           Power        Failure   Level  Hunger
a - Beastly Appendage     Trmt           #.....       12%         1    #......
b - Spider Form           Trmt/Pois      #.........   47%         3    ####...


Dungeon Overview and Level Annotations

Branches:
Dungeon (2/27)

Altars:

Annotations
D:2 Sigmund


Innate Abilities, Weirdness & Mutations

When hurt, damage is shared between your health and your magic reserves.
You have claws for feet.*


Message History

* * * LOW HITPOINT WARNING * * *
You hit Sigmund. Your kick misses Sigmund.
Sigmund is lightly wounded.
Sigmund closely misses you.
Drink which item? (? for menu, Esc to quit)
You feel better.
It was a potion of curing.
Sigmund hits you with a scythe.
You hit Sigmund but do no damage. You claw Sigmund!
Sigmund is moderately wounded.
Sigmund mumbles some strange words.
Sigmund flickers and vanishes!
Deactivating autopickup; reactivate with Ctrl-A.
It hits you.
* * * LOW HITPOINT WARNING * * *
It hits you but does no damage.
Drink which item? (? for menu, Esc to quit)
You feel better.
Your transformation is almost over.
It hits you! It hits you!
You die...

##...........# .
............#
...#.#........#
...............#
#.#>.......#
#.#...######
#.##.#...# .. .
####.##.#...# .$ ..
........@...# .# .#
####.##.##..# .##.###
#.##.##..## ......#
#.........# ......#
#.........#
...)..######..)......#
.....................#
...#########.........#
...#########......<..#


There were no monsters in sight!

Vanquished Creatures
  2 adders (D:2)
  A worm (D:1)
  A ball python (D:2)
  A bat (D:1)
  5 hobgoblins (D:1)
  4 jackals (D:1)
  2 kobolds (D:1)
  3 giant cockroaches
  A giant newt (D:1)
  A rat (D:1)
21 creatures vanquished.

Vanquished Creatures (others)
  2 rats (D:1)
2 creatures vanquished.

Grand Total: 23 creatures vanquished

Notes
Turn   | Place    | Note
--------------------------------------------------------------
     0 | D:1      | Duskembrace, the Demonspawn Transmuter, began the quest for the Orb.
     0 | D:1      | Reached XP level 1. HP: 15/15 MP: 1/1
   238 | D:1      | Reached skill level 3 in Unarmed Combat
   487 | D:1      | Gained mutation: When hurt, damage is shared between your health and your magic reserves. [demonic ancestry]
   487 | D:1      | Reached XP level 2. HP: 9/21 MP: 0/3
  1284 | D:2      | Reached XP level 3. HP: 26/26 MP: 2/4
  1318 | D:2      | Learned a level 3 spell: Spider Form
  1441 | D:2      | Noticed Sigmund
  1455 | D:2      | Slain by Sigmund

Action                   || total
-------------------------++-------
Melee: Unarmed           ||    78
 Cast: Beastly Appendage ||    16
  Use: Scroll            ||     2
       Potion            ||     2
 Stab: Distracted        ||     1
